 Dungeon Crawl Stone Soup version 0.23.0 (webtiles) character file.

Game seed: 15386077214826082591

12670 Rediskos the Grappler (level 11, -5/98 HPs)
             Began as a Troll Monk on Feb 8, 2019.
             Was a High Priest of Hepliaklqana.
             Slain by an 11-headed hydra (15 damage)
             ... on level 1 of the Lair of Beasts.
             The game lasted 00:31:14 (8279 turns).

Rediskos the Grappler (Troll Monk)                  Turns: 8279, Time: 00:31:14

Health: -5/98      AC: 12    Str: 23    XL:     11   Next: 65%
Magic:  8/10       EV: 13    Int:  9    God:    Hepliaklqana [*****.]
Gold:   522        SH: 10    Dex: 13    Spells: 10/10 levels left

rFire    . . .     SeeInvis .     - Unarmed
rCold    . . .     Gourm    +   h - +0 shield
rNeg     . . .     Faith    .   a - +1 robe
rPois    +         Spirit   .   I - +1 hat {Int+3}
rElec    .         Reflect  .   (no cloak)
rCorr    .         Harm     .   (gloves unavailable)
MR       .....                  (boots unavailable)
Stlth    ++........             H - amulet of the acrobat
HPRegen  0.66/turn              x - +4 ring of protection
MPRegen  0.12/turn              z - ring of poison resistance

@: no status effects
A: large, unfitting armour, reduced essence, claws 3, fast metabolism 3,
gourmand, regeneration 1, shaggy fur 1, tough skin 3
a: Recall Ancestor, Ancestor Identity, Transference, Idealise, Renounce Religion


You were on level 1 of the Lair of Beasts.
You worshipped Hepliaklqana.
Hepliaklqana was extremely pleased with you.
You were very full.

You visited 3 branches of the dungeon, and saw 11 of its levels.

You collected 522 gold pieces.

Inventory:

Hand Weapons
 y - a +0 blowgun
Missiles
 p - 77 poisoned needles
 q - 8 needles of confusion
Armour
 a - a +1 robe (worn)
 f - a +0 large shield
 h - a +0 shield (worn)
 I - a +1 hat of intelligence (worn)
Magical Staves
 s - an uncursed staff of earth
Jewellery
 d - an uncursed amulet of magic regeneration
 e - an uncursed amulet of regeneration
 k - an uncursed ring of resist corrosion
 r - an uncursed ring of protection from cold
 x - a +4 ring of protection (left claw)
 z - a ring of poison resistance (right claw)
 H - an amulet of the acrobat (around neck)
Wands
 t - a wand of acid (7)
 A - a wand of random effects (17)
 F - a wand of enslavement (8)
 G - a wand of flame (14)
Scrolls
 g - 6 scrolls of remove curse
 i - 2 scrolls of immolation
 w - 3 scrolls of teleportation
 B - 2 scrolls of enchant weapon
 D - a scroll of vulnerability {unknown}
 J - a scroll of amnesia {unknown}
Potions
 c - a potion of curing
 j - 2 potions of haste {unknown}
 l - 4 potions of resistance
 m - 3 potions of flight
 n - a potion of heal wounds {unknown}
 o - 4 potions of degeneration
 u - 3 potions of lignification
 v - 3 potions of agility {unknown}
Comestibles
 b - 22 rations


   Skills:
 + Level 7.6 Fighting
 + Level 7.5 Dodging
 - Level 1.0 Stealth
 + Level 6.9 Shields
 * Level 12.1 Unarmed Combat


You had 10 spell levels left.
You didn't know any spells.
Your spell library contained the following spells:

 Spells                   Type           Power        Failure   Level  Hunger
 Confusing Touch          Hex            #.....       54%         1    ##.....
 Flame Tongue             Conj/Fire      #....        54%         1    ##.....
 Sandblast                Erth           #.....       54%         1    ##.....
 Shock                    Conj/Air       #...         54%         1    ##.....
 Passwall                 Tmut/Erth      #.......     67%         2    ###....
 Swiftness                Chrm/Air       #.......     67%         2    ###....
 Throw Flame              Conj/Fire      #.....       67%         2    ###....
 Confuse                  Hex            #.......     88%         3    ####...
 Conjure Flame            Conj/Fire      #.......     88%         3    ####...
 Gell's Gravitas          Tloc           #.........   88%         3    ####...
 Inner Flame              Hex/Fire       #.......     88%         3    ####...
 Static Discharge         Conj/Air       #.......     88%         3    ####...
 Stone Arrow              Conj/Erth      #.....       88%         3    ####...
 Airstrike                Air            #.........   99%         4    #####..
 Petrify                  Tmut/Erth      #.......     99%         4    #####..
 Sticky Flame             Conj/Fire      #.......     99%         4    #####..
 Fireball                 Conj/Fire      #.........   100%        5    ######.
 Lee's Rapid Deconstruct  Erth           #.........   100%        5    ######.
 Lightning Bolt           Conj/Air       #.........   100%        5    ######.
 Metabolic Englaciation   Hex/Ice        #.........   100%        5    ######.
 Yara's Violent Unravell  Hex/Tmut       #.........   100%        5    ######.


Dungeon Overview and Level Annotations

Branches:
Dungeon (9/15)             Temple (1/1) D:4            Lair (1/6) D:9
    Orc: D:9-12

Altars:
Ashenzari
Cheibriados
Dithmenos
Elyvilon
Fedhas
Gozag
Hepliaklqana
Kikubaaqudgha
Makhleb
Nemelex Xobeh
Okawaru
Qazlal
Ru
Sif Muna
Trog
Uskayaw
Vehumet
Wu Jian
Xom
Yredelemnul
Zin
The Shining One

Shops:
D:7 }

Annotations:
Lair:1 1 runed translucent door, bpy6's ghost, journeyman HOAK


Innate Abilities, Weirdness & Mutations

You are too large for most types of armour.
You have claws for hands.
Your metabolism is lightning-fast.
You like to eat raw meat.
Your natural rate of healing is unusually fast.
You are covered in fur. (AC +1)
You have extremely tough skin. (AC +3)
Your life essence is reduced to manifest your ancestor. (-10% HP)


Message History

Azu emerges from the mists of memory!
Azu casts a spell at the 11-headed hydra.
The puff of frost hits the 11-headed hydra!
Select a target.
Press: ? - help, Dir - move target cursor, p - 11-headed hydra The floor.
Okay, then.
Okay, then.
Azu is recalled.
You block the 11-headed hydra's attack.
The 11-headed hydra bites you but does no damage.
You block the 11-headed hydra's attack.
The 11-headed hydra bites you but does no damage.
The 11-headed hydra misses you. The 11-headed hydra bites you!
* * * LOW HITPOINT WARNING * * *
The 11-headed hydra bites you but does no damage.
You block the 11-headed hydra's attack. The 11-headed hydra bites you.
* * * LOW HITPOINT WARNING * * *
The 11-headed hydra closely misses you. The 11-headed hydra bites you!
You die...

##......###......#
##....#...#....#...
#.#..###......###..
#...P# ##....## #.
#...####....## .
#..R# #....## #
#..## #...## ####
#.D.# #...# ##..###
##@## #...# #...##.
#..# ##..###...##.
#### #.D..##.R##..
#### #...###.#....
##P.###...####.....
#...#.##.###.#..8..
#...##.#.8.##......
#...###....[#......
#..#..#8.8..+.8.>.8


You could see the friendly Azu the battlemage and a 11-headed hydra.

Vanquished Creatures
  Maurice (D:9)
  3 spiny frogs (Lair:1)
  5 gargoyles (D:7)
  A komodo dragon (Lair:1)
  Sigmund (D:2)
  A spriggan (D:8)
  6 yaks
  A hungry ghost (D:8)
  2 water moccasins
  6 porcupines
  A sky beast (D:5)
  2 orc warriors
  2 phantoms (D:8)
  2 ogres
  2 centaurs
  3 crocodiles
  A big kobold (D:7)
  2 bullfrogs
  A water moccasin zombie (D:9)
  A scorpion (D:9)
  4 killer bees
  11 wights
  A howler monkey (D:7)
  An electric eel (Lair:1)
  2 crimson imps
  A quasit (D:3)
  2 hounds
  A jelly (D:7)
  4 orc priests
  A bullfrog skeleton (D:9)
  Jessica (D:2)
  2 iguanas
  Natasha (thrice) (D:4)
  5 orc wizards
  8 worker ants
  A hound skeleton (D:7)
  A hound zombie (D:5)
  9 gnolls
  10 adders
  2 shadow imps
  An adder zombie (D:8)
  2 adder skeletons
  6 worms
  7 dart slugs
  6 leopard geckos
  28 orcs
  10 giant cockroaches
  7 goblins
  4 hobgoblins
  2 jackals (D:5)
  4 quokkas
  2 ball pythons (D:1)
  7 bats
  6 frilled lizards
  12 kobolds
  A leopard gecko zombie (D:7)
  A quokka zombie (D:5)
  6 rats
226 creatures vanquished.

Vanquished Creatures (collateral kills)
  Gastronok (D:9)
  A black mamba (Lair:1)
  5 yaks
  2 basilisks
  A water moccasin (D:7)
  An ogre (D:9)
  A black bear (D:8)
  A phantom (D:9)
  A centaur (D:5)
  4 crocodiles
  A big kobold (D:8)
  2 bullfrogs (D:8)
  2 scorpions
  2 killer bees (D:9)
  2 wights
  A howler monkey (D:9)
  A crimson imp (D:6)
  4 orc wizards
  An iguana (D:9)
  2 worker ants
  A worker ant zombie (D:7)
  3 adders (D:8)
  An adder skeleton (D:5)
  A leopard gecko (D:5)
  9 orcs
  6 kobolds
57 creatures vanquished.

Vanquished Creatures (others)
  A sky beast (D:8)
  6 battlemagi
  2 plants (Lair:1)
9 creatures vanquished.

Grand Total: 292 creatures vanquished

Notes
Turn   | Place    | Note
-------+----------+-------------------------------------------
     0 | D:1      | Rediskos the Troll Monk began the quest for the Orb.
     0 | D:1      | Reached XP level 1. HP: 22/22 MP: 0/0
   121 | D:1      | Reached XP level 2. HP: 29/29 MP: 1/1
   257 | D:1      | Reached XP level 3. HP: 34/36 MP: 2/2
   695 | D:2      | Noticed Sigmund
   705 | D:2      | Killed Sigmund
   705 | D:2      | Reached skill level 1 in Shields
   705 | D:2      | Reached skill level 4 in Unarmed Combat
   705 | D:2      | Reached XP level 4. HP: 42/45 MP: 3/3
   705 | D:2      | Reached XP level 5. HP: 50/53 MP: 4/4
   890 | D:2      | Noticed Jessica
   897 | D:2      | Killed Jessica
   903 | D:2      | Reached XP level 6. HP: 32/61 MP: 5/5
   904 | D:2      | Reached skill level 5 in Unarmed Combat
  2143 | D:3      | Found an iron altar of Okawaru.
  2429 | D:4      | Reached XP level 7. HP: 60/68 MP: 6/6
  2572 | D:4      | Found a staircase to the Ecumenical Temple.
  2583 | D:4      | Found an ancient bone altar of Kikubaaqudgha.
  2991 | D:4      | Noticed Natasha
  2995 | D:4      | Killed Natasha
  3001 | D:4      | Found a shadowy altar of Dithmenos.
  3007 | D:4      | Found a shimmering altar of Xom.
  3022 | D:4      | Found a hide-covered altar of Uskayaw.
  3128 | D:4      | Reached skill level 6 in Unarmed Combat
  3169 | D:4      | Noticed Natasha
  3179 | D:4      | Killed Natasha
  3190 | D:4      | Noticed Natasha
  3196 | D:4      | Killed Natasha
  3286 | Temple   | Entered the Ecumenical Temple
  3501 | Temple   | Became a worshipper of Hepliaklqana the Forgotten
  3501 | Temple   | Reached * piety under Hepliaklqana
  3501 | Temple   | Reached ** piety under Hepliaklqana
  3503 | Temple   | Remembered your ancestor Azu as a battlemage
  3528 | D:5      | Entered Level 5 of the Dungeon
  3746 | D:5      | Reached XP level 8. HP: 66/70 MP: 7/7
  4142 | D:5      | Found a burning altar of Makhleb.
  4215 | D:6      | Reached skill level 7 in Unarmed Combat
  4670 | D:6      | Found a deep blue altar of Sif Muna.
  5009 | D:7      | Reached *** piety under Hepliaklqana
  5021 | D:7      | Found a sparkling altar of Nemelex Xobeh.
  5105 | D:7      | Reached skill level 8 in Unarmed Combat
  5110 | D:7      | Reached skill level 5 in Fighting
  5259 | D:7      | Reached skill level 5 in Dodging
  5294 | D:7      | Noticed a gargoyle
  5298 | D:7      | Reached XP level 9. HP: 69/79 MP: 8/8
  5356 | D:7      | Killed a gargoyle
  5536 | D:7      | Found Cucam's Gadget Shop.
  5880 | D:7      | Noticed a gargoyle
  5885 | D:7      | Killed a gargoyle
  5885 | D:7      | Reached skill level 9 in Unarmed Combat
  5890 | D:7      | Noticed a gargoyle
  5894 | D:7      | Killed a gargoyle
  5926 | D:7      | Noticed a gargoyle
  5934 | D:7      | Killed a gargoyle
  5948 | D:7      | Noticed a gargoyle
  5963 | D:7      | Killed a gargoyle
  5963 | D:7      | Reached skill level 5 in Shields
  6098 | D:8      | Reached XP level 10. HP: 68/88 MP: 9/9
  6196 | D:8      | Reached skill level 10 in Unarmed Combat
  6674 | D:9      | Reached **** piety under Hepliaklqana
  6923 | D:9      | Found a staircase to the Lair.
  7221 | D:9      | Noticed Maurice
  7230 | D:9      | Killed Maurice
  7230 | D:9      | Reached skill level 11 in Unarmed Combat
  7367 | D:9      | Noticed Gastronok
  7378 | D:9      | Killed Gastronok
  7378 | D:9      | Reached XP level 11. HP: 97/98 MP: 10/10
  7471 | D:9      | Found a blossoming altar of Fedhas.
  7554 | Lair:1   | Entered Level 1 of the Lair of Beasts
  7554 | Lair:1   | Found a runed translucent door.
  7554 | Lair:1   | Noticed bpy6's ghost (journeyman HOAK)
  7828 | Lair:1   | Reached ***** piety under Hepliaklqana
  7919 | Lair:1   | Reached skill level 12 in Unarmed Combat
  8072 | Lair:1   | Noticed an eight-headed hydra
  8279 | Lair:1   | Slain by an 11-headed hydra

Skill      XL: |  1  2  3  4  5  6  7  8  9 10 11 |
---------------+----------------------------------+-----
Fighting       | 3 4 5 6 7 |  7.6
Dodging        | 3 4 5 7 |  7.5
Shields        | 1 2 4 5 6 |  6.9
Unarmed Combat | 4 5 6 8 9 11 12 | 12.1
Stealth        | |  1.0

Action                   |  1- 3 |  4- 6 |  7- 9 | 10-12 || total
-------------------------+-------+-------+-------+-------++-------
Melee: Unarmed           |    75 |   193 |   266 |   260 ||   794
Invok: Ancestor Life: Ba |       |       |     1 |       ||     1
       Ancestor Identity |       |       |     1 |       ||     1
       Recall Ancestor   |       |       |       |     1 ||     1
  Use: Scroll            |       |     8 |     5 |     2 ||    15
 Stab: Sleeping          |     2 |       |     4 |     2 ||     8
       Distracted        |       |       |     2 |     2 ||     4
  Eat: Chunk             |    11 |    17 |    31 |    26 ||    85
Armor: Robe              |    38 |    34 |    45 |    54 ||   171
Dodge: Dodged            |    29 |    34 |    67 |   128 ||   258
Block: Large shield      |    23 |    62 |       |       ||    85
       Shield            |       |    36 |    95 |   134 ||   265
